 Dungeon Crawl Stone Soup version 0.29-a0-1047-g7c58e119a4 (webtiles) character file.

Game seed: 17621611216192095368

83 ytrimaz the Insei (level 4, -1/32 HPs)
             Began as a Demonspawn Transmuter on Aug 17, 2022.
             Slain by Jessica
             ... wielding a +0 dagger
              (2 damage)
             ... on level 2 of the Dungeon.
             The game lasted 00:01:28 (1889 turns).

ytrimaz the Insei (Demonspawn Transmuter)           Turns: 1889, Time: 00:01:29

Health: -1/32      AC:  4    Str: 11    XL:     4   Next: 22%
Magic:  5/7        EV: 12    Int: 16    God:
Gold:   62         SH:  0    Dex: 13    Spells: 4/7 levels left

rFire   . . .      SeeInvis .     - Unarmed
rCold   . . .      Faith    .   (no shield)
rNeg    . . .      Spirit   .   a - +0 robe
rPois   .          Reflect  .   (no helmet)
rElec   .          Harm     .   (no cloak)
rCorr   .          Rampage  .   (no gloves)
Will    .....                   (no boots)
Stlth   +.........              (no amulet)
HPRegen 0.10/turn               (no ring)
MPRegen 0.10/turn               (no ring)

@: confused, wereblooded, flying
A: slimy green scales 1, demonic guardian 1, ignite blood 1
a: no special abilities


You were on level 2 of the Dungeon.
You visited 1 branch of the dungeon, and saw 2 of its levels.

You collected 62 gold pieces.

Inventory:

Armour
 a - a +0 robe (worn)
Potions
 c - a potion of magic


   Skills:
 - Level 1.0 Fighting
 + Level 2.3 Dodging
 + Level 3.9 Unarmed Combat
 - Level 2.0 Spellcasting
 + Level 2.6 Transmutations


You had 4 spell levels left.
You knew the following spells:

 Your Spells              Type           Power      Damage    Failure   Level
a - Beastly Appendage     Tmut           18%        N/A       7%          1
b - Wereblood             Tmut           9%         N/A       11%         2

Your spell library contained the following spells:

 Spells                   Type           Power      Damage    Failure   Level
 Spider Form              Tmut/Pois      5%         N/A       36%         3
 Ice Form                 Ice/Tmut       5%         N/A       77%         4


Dungeon Overview and Level Annotations

Branches:
Dungeon (2/15)

Altars:

Shops:
D:2 :((*

Annotations:
D:2 Jessica, Sigmund


Innate Abilities, Weirdness & Mutations

You are partially covered in slimy green scales. (AC +2)
A weak demonic guardian rushes to your aid.
Your demonic aura sometimes causes spilled blood to erupt in flames.


Message History

Jessica says, "I'm really upset."
You see here 5 stones.
You barely miss something. Your kick misses something. Something hits you.
Jessica barely misses you.
You barely miss Jessica. You headbutt Jessica.
Jessica is severely wounded.
Jessica mumbles some strange words.
Jessica seems to speed up.
Something hits you but does no damage.
You hit Jessica but do no damage. Your kick misses Jessica.
Jessica is severely wounded.
You howl as the wereblood boils in your veins!
Jessica hits you but does no damage. x2
You closely miss something. Something hits you.
Jessica points at you and mumbles some strange words.
You resist with some effort.
You hit something.
Jessica mumbles some strange words.
Jessica blinks!
Something hits you but does no damage.
You completely miss something. You claw something. You hit something.
You headbutt something. Jessica closely misses you. Something hits you.
You miss something. Your kick misses something.
Jessica looks very angry.
Jessica gestures at you while chanting. Pain shoots through your body!
Jessica hits you but does no damage.
You hit something. Your kick misses something. Your headbutt misses something.
Your horns disappear.
Your talons disappear.
You hear some strange, mumbled words.
You are confused.
Jessica hits you with a +0 dagger.
* * * LOW HITPOINT WARNING * * *
A demonic guardian appears!
You bump into the metal wall.
Jessica closely misses you.
You hear some strange, mumbled words.
A magic dart appears from out of thin air!
The magic dart hits you.
* * * LOW HITPOINT WARNING * * *
Your quasit bites Jessica.
Your quasit barely misses Jessica.
Your quasit closely misses Jessica.
Jessica hits you with a +0 dagger.
You die...

#######+####†....#..........#
#.........#.†....#...###.#..#
#.........#.....##.......#..#
#...........###.##..#.##.#..#
#.......#.##)..##..#..#.#..#
#.......#.⌠.⌠#..#.....#.#..#
#.......##.⌠.##.##.##.#.#..#
#...∩....#⌠.{(#.##.##...#..###
######+....##@# #............
#.#.###.@...#####..#..###
..........5........>...#
..##.###.......#########.# #..
#. ...................# #.
####################### # ...
.....#### ......r..


You could see Jessica (fast, ally target) and a friendly quasit (summoned).

Vanquished Creatures
  Natasha (twice) (D:2)
  An adder (D:2)
  A dart slug (D:1)
  3 ball pythons
  3 endoplasms
  2 goblins
  A hobgoblin (D:2)
  2 jackals (D:1)
  3 bats (D:2)
  3 kobolds
  3 rats
24 creatures vanquished.

Notes
Turn   | Place    | Note
-------+----------+-------------------------------------------
     0 | D:1      | ytrimaz the Demonspawn Transmuter began the quest for the
                  | Orb.
     0 | D:1      | Reached XP level 1. HP: 15/15 MP: 3/3
   587 | D:1      | Reached skill level 3 in Unarmed Combat
   687 | D:1      | Gained mutation: Your demonic aura sometimes causes spilled
                  | blood to erupt in flames. [demonic ancestry]
   687 | D:1      | Reached XP level 2. HP: 11/21 MP: 3/5
  1000 | D:1      | Learned a level 2 spell: Wereblood
  1096 | D:2      | Found Ejoxixig's Weapon Boutique.
  1303 | D:2      | Noticed Natasha
  1308 | D:2      | Killed Natasha
  1309 | D:2      | Gained mutation: A weak demonic guardian rushes to your
                  | aid. [demonic ancestry]
  1309 | D:2      | Reached XP level 3. HP: 6/26 MP: 3/6
  1630 | D:2      | Found Boakh's Book Emporium.
  1721 | D:2      | Noticed Natasha
  1730 | D:2      | Killed Natasha
  1731 | D:2      | Gained mutation: You are partially covered in slimy green
                  | scales. (AC +2) [demonic ancestry]
  1731 | D:2      | Reached XP level 4. HP: 32/32 MP: 5/7
  1731 | D:2      | Found a faded altar of an unknown god.
  1815 | D:2      | Found Bunk's Weapon Emporium.
  1837 | D:2      | Found Meisob's Assorted Antiques.
  1869 | D:2      | Noticed Sigmund
  1877 | D:2      | Noticed Jessica
  1889 | D:2      | HP: 1/32 [something/magic dart (5)]
  1889 | D:2      | Slain by Jessica

Illustrated notes

Levels and vault maps discovered:
D:1:      kilobyte_arrival_exit_the_forest, layout_rooms
D:2:      layout_basic, hellmonk_ecumenical_altar_lost_god, serial_shops,
          nicolae_shop_trees, shop, shop, shop, nicolae_shop_hallway_stairs,
          minmay_pentomino_s4, uniq_natasha, uniq_sigmund, uniq_jessica

Skill      XL: |  1  2 |
---------------+-------+-----
Unarmed Combat | 3 |  3.9
Transmutations | 2 |  2.6
Dodging        | 2 |  2.3
Fighting       | |  1.0
Spellcasting   | |  2.0

Action                   |  1- 3 |  4- 6 || total
-------------------------+-------+-------++-------
Melee: Unarmed           |    45 |    19 ||    64
       Kick              |     8 |     2 ||    10
       Punch             |     1 |       ||     1
       Headbutt          |     6 |     4 ||    10
 Cast: Beastly Appendage |    18 |     2 ||    20
       Wereblood         |       |     1 ||     1
  Use: Scroll            |     4 |       ||     4
       Potion            |     1 |     2 ||     3
 Stab: Sleeping          |     1 |       ||     1
Armor: Robe              |     9 |    10 ||    19
Dodge: Dodged            |    30 |    25 ||    55

Table legend: (Time is in decaauts)
 A = Elapsed time spent in this place.
 B = Non-inter-level travel time spent in this place.
 C = Inter-level travel time spent in this place.
 D = Time resting spent in this place.
 E = Time spent auto-exploring this place.
 F = Levels seen in this place.
 G = Mean time per level.
                   A        B        C        D        E       F      G
               +--------+--------+--------+--------+--------+-----+--------+
         Total |   1895 |   1852 |     43 |    381 |   1236 |   2 |  947.5 |
       Dungeon |   1895 |   1852 |     43 |    381 |   1236 |   2 |  947.5 |
               +--------+--------+--------+--------+--------+-----+--------+

Top non-repeatable levels by time:
     D:1: 1100 daAuts
     D:2: 795 daAuts
